Map: Вечная империя РВ

Players

Doll

  • Race: Zerg Zerg
  • Spawn Location: 7:00

ИИ 1 (знаток) - Winner!

  • Race: Protoss Protoss
  • Spawn Location: 1:00

VOD

Have the link to the VOD?

Description

Time

  • Played on: March 12, 2021, 3:01 a.m.
  • Length: 11:17
Show
View Real Time Build Order
Export as new Build Order

Doll Zerg 

Build Orders: Hatch First 

Get SALT Encoding   

  12  0:01  Drone  
  13  0:13  Overlord  
  13  0:18  Drone  
  14  0:31  Drone x2  
  16  0:52  Drone, Hatchery  
  17  0:57  Drone  
  17  1:03  Extractor  
  16  1:13  Spawning Pool  
  16  1:15  Drone  
  16  1:19  Drone  
  16  1:22  Drone  
  18  1:29  Drone  
  19  1:39  Overlord  
  19  2:00  Queen, Zergling x2  
  22  2:02  Zergling x2  
  22  2:03  Queen  
  22  2:06  Drone  
  26  2:12  Drone  
  27  2:19  Drone  
  28  2:27  Drone, Baneling Nest  
  28  2:30  Drone  
  28  2:34  Drone  
  30  2:46  Drone  
  30  2:48  Drone  
  32  2:53  Hatchery  
  32  2:58  Zergling x2  
  30  2:59  Zergling x2  
  31  3:06  Spine Crawler  
  31  3:07  Zergling x2  
  31  3:08  Zergling x2  
  32  3:14  Zergling x2  
  32  3:15  Zergling x2  
  32  3:16  Zergling x2  
  35  3:20  Overlord  
  35  3:24  Drone  
  36  3:31  Lair  
  36  3:41  Roach Warren  
  36  3:42  Drone  
  36  3:43  Drone  
  36  3:45  Drone  
  36  3:48  Zergling x2  
  39  3:51  Zergling x2  
  39  3:53  Zergling x2  
  41  3:56  Zergling x2  
  41  4:00  Overlord  
  42  4:03  Drone  
  42  4:05  Drone  
  42  4:08  Drone  
  45  4:10  Drone  
  45  4:12  Drone  
  45  4:16  Metabolic Boost  
  47  4:18  Drone  
  48  4:24  Drone  
  48  4:28  Centrifical Hooks  
  48  4:31  Glial Reconstitution  
  49  4:33  Drone  
  50  4:38  Queen  
  50  4:42  Drone  
  50  4:43  Drone  
  50  4:44  Drone  
  55  4:46  Drone  
  55  4:49  Baneling  
  55  4:50  Baneling  
  56  4:53  Overlord  
  56  4:55  Drone  
  56  4:56  Drone  
  58  5:01  Extractor  
  58  5:03  Extractor  
  58  5:04  Extractor  
  58  5:06  Overlord  
  55  5:13  Drone x4  
  55  5:14  Drone x2, Overlord  
  61  5:23  Drone x2  
  61  5:24  Drone  
  64  5:29  Roach x2  
  64  5:30  Roach  
  64  5:35  Roach  
  72  5:36  Baneling x2  
  72  5:37  Baneling x2  
  72  5:39  Baneling  
  72  5:42  Roach  
  74  5:45  Roach  
  74  5:47  Drone x3  
  74  5:48  Drone  
  80  5:51  Overlord  
  80  5:55  Baneling x3  
  80  5:56  Baneling  
  80  5:57  Baneling  
  80  5:58  Baneling  
  80  6:00  Baneling  
  80  6:02  Drone  
  80  6:03  Drone  
  82  6:05  Baneling x2  
  82  6:09  Overlord  
  82  6:15  Roach  
  82  6:16  Roach x2  
  90  6:18  Roach  
  90  6:25  Overlord  
  90  6:27  Hydralisk Den  
  90  6:29  Drone x3  
  90  6:30  Drone  
  90  6:31  Drone  
  94  6:37  Infestation Pit  
  94  6:39  Drone x2  
  95  6:40  Drone x2  
  95  6:44  Pneumatized Carapace  
  95  6:46  Overseer  
  97  6:51  Drone, Overseer  
  97  6:52  Drone x3  
  97  6:53  Drone  
  102  6:57  Extractor  
  102  6:58  Extractor, Overlord  
  100  7:03  Hydralisk  
  100  7:04  Hydralisk  
  100  7:05  Hydralisk  
  100  7:08  Overlord  
  106  7:16  Overlord  
  106  7:17  Hydralisk x2  
  106  7:18  Hydralisk  
  106  7:20  Overlord  
  112  7:30  Hive  
  112  7:32  Hatchery  
  112  7:33  Drone x2  
  112  7:34  Drone x2  
  112  7:35  Drone  
  112  7:36  Drone  
  117  7:37  Drone  
  117  7:38  Drone  
  119  7:44  Hydralisk  
  119  7:45  Hydralisk  
  119  7:46  Hydralisk  
  125  7:54  Hydralisk  
  125  7:57  Baneling x3  
  125  7:58  Baneling x2  
  127  7:59  Baneling  
  127  8:00  Hydralisk x2  
  127  8:01  Hydralisk  
  127  8:02  Hydralisk  
  127  8:04  Hydralisk  
  137  8:07  Overlord  
  137  8:09  Overlord  
  137  8:12  Drone  
  138  8:20  Spire  
  138  8:21  Overlord  
  137  8:28  Zergling x4  
  137  8:29  Zergling x8  
  137  8:30  Zergling x2  
  144  8:47  Evolution Chamber  
  143  8:49  Evolution Chamber  
  143  8:51  Evolution Chamber  
Show
View Real Time Build Order
Export as new Build Order

ИИ 1 (знаток) Protoss - Winner!

Build Orders: 1 Gate Expand 

Get SALT Encoding   

  12  0:00  Probe  
  13  0:13  Probe  
  14  0:19  Pylon  
  14  0:25  Probe  
  15  0:34  Probe  
  15  0:39  Gateway  
  15  0:42  Probe  
  17  1:09  Probe  
  17  1:11  Nexus  
  18  1:27  Zealot  
  18  1:30  Pylon  
  20  1:33  Assimilator  
  20  1:43  Cybernetics Core  
  20  1:44  Probe  
  21  1:56  Probe  
  22  2:05  Probe  
  22  2:08  Gateway  
  22  2:12  Stalker  
  22  2:15  Assimilator  
  25  2:22  Probe  
  25  2:23  Pylon  
  27  2:37  Probe  
  27  2:40  Probe  
  27  2:41  Adept  
  30  2:47  Warp Gate  
  30  2:49  Probe  
  31  2:52  Probe  
  32  3:00  Probe  
  32  3:04  Probe  
  34  3:08  Probe  
  34  3:12  Gateway  
  35  3:16  Probe  
  35  3:19  Stalker  
  38  3:35  Sentry  
  38  3:36  Assimilator  
  40  3:45  Assimilator  
  40  3:54  Robotics Facility  
  40  4:00  Probe  
  41  4:03  Probe  
  42  4:13  Probe  
  42  4:14  Stargate  
  43  4:20  Probe  
  43  4:22  Pylon  
  43  4:24  Probe  
  44  4:30  Probe  
  46  4:41  Probe, Forge  
  46  4:44  Immortal  
  51  4:47  Probe  
  52  4:53  Void Ray  
  52  4:54  Probe  
  52  4:58  Pylon  
  52  4:59  Probe  
  54  5:06  Probe  
  59  5:09  Probe  
  59  5:13  Protoss Ground Armor Level 1  
  60  5:15  Zealot  
  60  5:17  Probe  
  60  5:18  Probe  
  64  5:21  Pylon  
  64  5:28  Probe  
  64  5:30  Probe  
  64  5:31  Zealot  
  68  5:42  Probe, Pylon  
  69  5:43  Probe  
  69  5:47  Stalker  
  72  5:54  Probe  
  73  6:00  Probe  
  73  6:02  Stalker  
  76  6:04  Pylon  
  76  6:07  Probe  
  77  6:12  Probe  
  78  6:18  Stalker  
  78  6:22  Probe  
  78  6:24  Pylon  
  81  6:34  Sentry  
  81  6:37  Photon Cannon  
  83  6:41  Photon Cannon  
  83  6:42  Observer, Oracle  
  83  6:45  Pylon  
  87  6:48  Pylon  
  87  6:49  Pylon  
  87  6:55  Twilight Council  
  87  6:57  Immortal  
  87  7:02  Forge  
  87  7:04  Protoss Ground Weapons Level 1  
  91  7:10  Photon Cannon  
  91  7:13  Photon Cannon, Void Ray  
  91  7:15  Photon Cannon  
  95  7:25  Immortal  
  99  8:04  Observer  
  100  8:49  Observer  
  100  8:59  Zealot  
  102  9:03  Pylon  
  102  9:04  Stalker  
  102  9:05  Blink  
  102  9:09  Nexus, Stalker  
  106  9:10  Warp Prism  
  106  9:15  Protoss Air Weapons Level 1  
  87  9:19  Stalker  
  75  9:25  Robotics Facility  
  75  9:27  Stalker  
  75  9:28  Void Ray  
  67  9:32  Stalker  
  69  9:46  Immortal  
  69  9:49  Sentry  
  68  9:54  Zealot  
  68  9:55  Zealot  
  68  9:56  Void Ray  
  62  10:12  Stalker  
  68  10:17  Stalker x2  
  53  10:25  Void Ray  
  53  10:26  Immortal  
  51  10:29  Probe  
  51  10:30  Probe, Assimilator  
  51  10:35  Zealot  
  56  10:36  Assimilator  
  56  10:40  Stalker  
  56  10:41  Probe  
  61  10:45  Stalker  
  59  10:55  Sentry  
  55  11:02  Probe  
  55  11:03  Nexus  
  55  11:04  Zealot  
Tags
 
Add a new tag
Caveats
  • Supply blocks, unpowered buildings, or Contaminate may cause inaccurate times.
  • Supply counts are checked every 10 seconds.